 Dungeon Crawl Stone Soup version 0.19-a0-1886-gd64a0f0 (webtiles) character file.

1363 Alarkh the Caller (level 8, -2/52 HPs)
             Began as a Mummy Summoner on Oct 16, 2016.
             Slain by an orc warrior
             ... wielding a +0 glaive
              (23 damage)
             ... on level 7 of the Dungeon.
             The game lasted 00:15:05 (10392 turns).

Alarkh the Caller (Mummy Summoner)                 Turns: 10392, Time: 00:15:06

Health: -2/52      AC:  5    Str: 11    XL:     8   Next: 38%
Magic:  7/18       EV: 12    Int: 18    God:
Gold:   327        SH:  0    Dex: 13    Spells: 4 memorised, 9 levels left

rFire  x . .     SeeInvis .     r - +5 war axe of Popular Demand {flame, rElec Int+2}
rCold  + . .     Gourm    .     a - +0 robe
rNeg   + + +     Faith    .     (no shield)
rPois  ∞         Spirit   .     l - +0 helmet
rElec  +         Dismiss  .     j - +0 cloak
rCorr  .         Reflect  .     m - +0 pair of gloves
MR     +....     Harm     .     (no boots)
Stlth  ++........               s - amulet of magic regeneration
                                (no ring)
                                (no ring)

@: very slightly contaminated
A: no food or potions, fire vulnerability, cold resistance 1, negative energy
resistance 3, torment resistance, unbreathing
a: no special abilities


You were on level 7 of the Dungeon.
You were not hungry.

You visited 1 branch of the dungeon, and saw 7 of its levels.
You also visited: Ossuary.

You collected 327 gold pieces.

Inventory:

Hand Weapons
 c - a +0 trident of flaming
 r - the +5 war axe of Popular Demand (weapon) {flame, rElec Int+2}
   (You found it on level 5 of the Dungeon)

   It has been specially enchanted to burn those struck by it, causing extra
   injury to most foes and up to half again as much damage against particularly
   susceptible opponents.
   Big, fiery blades are also staple armaments of hydra-hunters.
   It affects your intelligence (+2).
   It insulates you from electricity.
Armour
 a - a +0 robe (worn)
 j - a +0 cloak (worn)
 l - a +0 helmet (worn)
 m - a +0 pair of gloves (worn)
Jewellery
 s - an amulet of magic regeneration (around neck)
Wands
 k - a wand of confusion (24/48)
 n - a wand of lightning (6/15)
 t - a wand of digging (19/24)
 u - a wand of flame (26/48)
Scrolls
 d - 5 scrolls of random uselessness
 e - a scroll of identify
 f - 2 scrolls of enchant armour
 g - 2 scrolls of teleportation
 h - 2 scrolls of amnesia
 i - 2 scrolls of enchant weapon {unknown}
 o - a scroll of recharging {unknown}
 p - 2 scrolls of holy word
 q - a scroll of remove curse
Books
 b - a book of Callings

   Spells                             Type                      Level
   a - Summon Small Mammal            Summoning                    1
   b - Call Imp                       Summoning                    2
   c - Call Canine Familiar           Summoning                    3
   d - Summon Guardian Golem          Hexes/Summoning              3
   e - Summon Lightning Spire         Summoning/Air                4
   f - Summon Ice Beast               Ice/Summoning                4


   Skills:
 - Level 1.5 Dodging
 - Level 1.5 Stealth
 + Level 6.8 Spellcasting
 + Level 7.0 Summonings


You had 9 spell levels left.
You knew the following spells:

 Your Spells              Type           Power        Failure   Level  Hunger
a - Call Canine Familiar  Summ           ####....     1%          3    N/A
b - Summon Small Mammal   Summ           ####         1%          1    N/A
c - Summon Guardian Gole  Hex/Summ       ###.....     10%         3    N/A
d - Summon Ice Beast      Ice/Summ       ###.....     28%         4    N/A

Dungeon Overview and Level Annotations

Branches:
Dungeon (7/15)
 Temple: D:4-7

Altars:
Ashenzari
Fedhas
Gozag
Makhleb
Okawaru
Qazlal
Ru
Yredelemnul
Zin

Shops:
D:6 (

Annotations:
D:3 Tux's ghost, amateur GrEE


Innate Abilities, Weirdness & Mutations

You do not eat or drink.
Your flesh is vulnerable to fire.
You are immune to poison.
Your flesh is cold resistant. (rC+)
You are immune to negative energy. (rN+++)
You are immune to unholy pain and torment.
You can survive without breathing.


Message History

Unknown command.
The orc warrior completely misses your hound.
Your hound closely misses the orc warrior.
Your hound barely misses the orc warrior.
The orc warrior closely misses your hound.
Your hound barely misses the orc warrior.
Your hound bites the orc warrior but does no damage.
The orc warrior hits your hound with a glaive!!
Your hound dies!
Your hound's corpse disappears in a puff of smoke!
Casting: Call Canine Familiar
Confirm with . or Enter, or press ? or * to list all spells.
You miscast Summon Guardian Golem.
You are very lightly contaminated with residual magic.
Distant voices call out to you!
Casting: Summon Guardian Golem
Confirm with . or Enter, or press ? or * to list all spells.
A guardian golem appears, shielding your allies.
The orc warrior hits you from afar with a glaive!!
You die...

#.#########.#.# #.# #.#.# #.#
#.#.#####.# #.#
#####.#.##.##.#
#o#####<..........#.#
.###.#.....###.#.##.##.#
.......##### #..o...##.#
####...# ###.#..##.# #...#
#@#.[##.#
#...#########.#..##.#######
#...........8)†.....h.....#
##..########†##!.####.###.###
#..# #.##..# #......... #...
#.##..# #..###....
#.##..###h.# ## .......##..#
..####.##..#


You could see an orc warrior and a friendly guardian golem.

Vanquished Creatures
  Eustachio (D:5)
  An ogre (D:4)
  A centaur (D:6)
  A bullfrog (D:6)
  A howler monkey (D:4)
  2 crimson imps
  3 centaur zombies (Ossuary)
  A hound (D:5)
  An orc priest (D:7)
  A bullfrog skeleton (D:5)
  A jelly (D:6)
  2 orc wizards (D:6)
  A worker ant (D:6)
  3 big kobold zombies (Ossuary)
  A hound skeleton (D:6)
  2 adders
  An adder skeleton (D:4)
  A worm (D:2)
  A dart slug (D:1)
  2 leopard geckos
  8 orcs
  4 giant cockroaches
  2 goblins
  2 quokkas
  3 bats
  2 frilled lizards (D:1)
  3 hobgoblin zombies (Ossuary)
  3 kobolds
  12 rats
  A spectral orc (D:4)
68 creatures vanquished.

Vanquished Creatures (collateral kills)
  An orc warrior (D:6)
  An ogre (D:6)
  A centaur (D:5)
  A bullfrog (D:6)
  A scorpion (D:4)
  2 howler monkeys
  An orc priest (D:4)
  A bullfrog skeleton (D:7)
  2 hounds
  An orc wizard (D:4)
  A worker ant (D:4)
  4 mummies (Ossuary)
  2 adders (D:2)
  2 dart slugs (D:1)
  9 orcs
  4 goblins
  3 hobgoblins
  4 bats
  A frilled lizard (D:3)
  A jackal skeleton (D:3)
  3 kobolds (D:1)
  A rat (D:1)
47 creatures vanquished.

Vanquished Creatures (others)
  A sky beast (D:6)
  4 toadstools (D:1)
5 creatures vanquished.

Grand Total: 120 creatures vanquished

Notes
Turn   | Place    | Note
-------+----------+-------------------------------------------
     0 | D:1      | Alarkh the Mummy Summoner began the quest for the Orb.
     0 | D:1      | Reached XP level 1. HP: 13/13 MP: 3/3
  1331 | D:1      | Reached XP level 2. HP: 19/19 MP: 3/5
  2157 | D:2      | Found a blossoming altar of Fedhas.
  2173 | D:2      | Reached XP level 3. HP: 24/24 MP: 4/7
  2684 | D:2      | Found a sacrificial altar of Ru.
  3045 | D:2      | Found an opulent altar of Gozag.
  3065 | D:2      | Learned a level 3 spell: Call Canine Familiar
  3067 | D:2      | You fall through a shaft!
  3091 | D:3      | Found a shattered altar of Ashenzari.
  3121 | D:3      | Reached skill level 4 in Summonings
  3553 | D:3      | Noticed Tux's ghost (amateur GrEE)
  3601 | D:3      | Learned a level 3 spell: Summon Guardian Golem
  3754 | D:3      | Reached XP level 4. HP: 18/30 MP: 0/8
  3921 | D:3      | Found an iron altar of Okawaru.
  4337 | D:4      | Noticed an ogre
  4354 | D:4      | Killed an ogre
  4382 | D:4      | Reached XP level 5. HP: 26/35 MP: 7/10
  4501 | D:4      | Found a sand-covered staircase.
  4506 | Ossuary  | Entered an ossuary
  5407 | Ossuary  | Reached skill level 5 in Summonings
  5407 | Ossuary  | Reached XP level 6. HP: 27/41 MP: 9/12
  5413 | Ossuary  | Learned a level 4 spell: Summon Ice Beast
  6223 | D:4      | Found a basalt altar of Yredelemnul.
  6372 | D:5      | Entered Level 5 of the Dungeon
  6384 | D:5      | HP: 1/41 [centaur/arrow (11)]
  6791 | D:5      | Got a fine war axe
  6792 | D:5      | Identified the +5 war axe of Popular Demand {flame, rElec Int+2} (You found it on level 5 of the Dungeon)
  7406 | D:5      | HP: 2/41 [centaur (7)]
  7408 | D:5      | Reached skill level 5 in Spellcasting
  7408 | D:5      | Reached XP level 7. HP: 2/46 MP: 3/14
  7861 | D:5      | Found a stormy altar of Qazlal.
  7953 | D:5      | Noticed Eustachio
  8298 | D:5      | Killed Eustachio
  8356 | D:5      | Found a glowing silver altar of Zin.
  8357 | D:5      | Noticed an angel
  8616 | D:6      | Found Lameob's Weapon Shoppe.
  8631 | D:6      | Reached skill level 6 in Summonings
  9263 | D:6      | Reached XP level 8. HP: 43/52 MP: 17/17
  9301 | D:6      | Found a burning altar of Makhleb.
 10262 | D:7      | Reached skill level 7 in Summonings
 10392 | D:7      | Slain by an orc warrior

Vault maps used:
D:1:      ldierk_water_garden, corexii_item_surrounded_by_moat
D:2:      lemuel_round_altar, nicolae_ru_awakened_eye,
          nicolae_overflow_crystal_walls
D:3:      lemuel_doored_altar, okawaru_gym_becter
D:4:      yredelemnul_forgotten_temple_becter, enter_ossuary_2, st_stairs_4
D:5:      zin_angel, lemuel_coloured_pillars_altar, first_bread, uniq_eustachio
D:6:      lemuel_crystal_altar, serial_shops, nicolae_shop_behind_doors,
          kennysheep_small_circle
D:7:      vehumet_altar_wand_db
Ossuary:  ossuary_the_hunt_dpeg

Skill      XL: |  1  2  3  4  5  6  7  8 |
---------------+-------------------------+-----
Spellcasting   | 3 4 5 6 |  6.8
Summonings     | 4 5 6 7 |  7.0
Dodging        | |  1.5
Stealth        | |  1.5

Action                   |  1- 3 |  4- 6 |  7- 9 || total
-------------------------+-------+-------+-------++-------
Melee: Unarmed           |    92 |       |       ||    92
       Trident           |    79 |   138 |       ||   217
       War axe           |       |     8 |   148 ||   156
 Cast: Summon Small Mamm |    42 |       |       ||    42
       Call Canine Famil |     7 |    33 |    24 ||    64
       Summon Guardian G |     2 |     7 |    12 ||    21
  Use: Scroll            |     4 |     1 |     1 ||     6
 Stab: Distracted        |     3 |     2 |     1 ||     6
       Sleeping          |     7 |     1 |     1 ||     9
Armor: Robe              |    36 |    47 |    66 ||   149
Dodge: Dodged            |   111 |    77 |   125 ||   313
